 Dungeon Crawl Stone Soup version 0.30-a0-1160-g6e42c06551 (webtiles) character file.

Game seed: 12201406718317947286

501 Jase the Shield-Bearer (level 7, -1/55 HPs)
             Began as a Formicid Fighter on Apr 26, 2023.
             Was an Initiate of Nemelex Xobeh.
             Slain by Duvessa
             ... wielding a +0 rapier
              (17 damage)
             ... on level 4 of the Dungeon.
             The game lasted 00:12:40 (2896 turns).

Jase the Shield-Bearer (Formicid Fighter)           Turns: 2896, Time: 00:12:40

Health: -1/55      AC:  9    Str: 23    XL:     7   Next: 40%
Magic:  0/8        EV:  8    Int:  7    God:    Nemelex Xobeh [......]
Gold:   211        SH:  5    Dex: 13    Spells: 6/6 levels left

rFire   . . .        a - +0 war axe
rCold   . . .        c - +0 buckler
rNeg    . . .        u - +0 chain mail
rPois   .            (helmet unavailable)
rElec   .            (no cloak)
rCorr   +            (no gloves)
SInv    +            (no boots)
Will    .....        h - amulet of guardian spirit Stlth
                     g - ring of flight
HPRegen 0.29/turn    m - ring of resist corrosion
MPRegen 0.11/turn

%: guardian spirit
@: mighty, flying
A: permanent stasis, dig shafts and tunnels, antennae 3, four strong arms
a: Dig, Shaft Self, Renounce Religion, Draw Escape, Draw Destruction, Draw
Summoning


You were on level 4 of the Dungeon.
You worshipped Nemelex Xobeh.
Nemelex Xobeh was noncommittal.
You visited 1 branch of the dungeon, and saw 5 of its levels.
You also visited: Sewer.

You collected 211 gold pieces.

Inventory:

Hand Weapons
 a - a +0 war axe (weapon)
 s - a +0 sling
Missiles
 e - 22 stones
 v - a boomerang
Armour
 c - a +0 buckler (worn)
 u - a +0 chain mail (worn)
Jewellery
 g - a ring of flight (left hand)
 h - an amulet of guardian spirit (around neck)
 m - a ring of resist corrosion (right hand)
 w - a ring of wizardry
Wands
 l - a wand of charming (5)
Scrolls
 b - a scroll of noise {unknown}
 f - 4 scrolls of identify {unknown}
 i - a scroll of brand weapon {unknown}
 k - a scroll of enchant weapon {unknown}
 q - a scroll of immolation {unknown}
 x - a scroll of fog {unknown}
Potions
 d - 4 potions of might
 j - 2 potions of heal wounds {unknown}
 n - a potion of invisibility
 o - a potion of mutation {unknown}
 p - a potion of brilliance {unknown}
 r - 4 potions of flight
 t - a potion of degeneration {unknown}


   Skills:
 + Level 4.7 Fighting
 * Level 5.0 Axes
 + Level 4.7 Armour
 + Level 5.6 Shields
 + Level 1.6 Invocations


You had 6 spell levels left.
You didn't know any spells.
Your spell library contained the following spells:

 Spells                   Type           Power      Damage    Failure   Level
 Shock                    Conj/Air       0%         1d3       97%         1
 Lesser Beckoning         Tloc           0%         N/A       99%         2
 Momentum Strike          Conj/Tloc      0%         3d8       99%         2
 Sublimation of Blood     Necr           0%         N/A       99%         2
 Summon Guardian Golem    Hex/Summ       0%         N/A       100%        3
 Airstrike                Air            0%         2d(0-16)  100%        4
 Petrify                  Tmut/Erth      0%         N/A       100%        4
 Irradiate                Conj/Tmut      0%         3d11      100%        5
 Orb of Destruction       Conj           0%         9d5       100%        7
 Spellforged Servitor     Conj/Summ      0%         N/A       100%        7
 Blink                    Tloc           Unusable   N/A       N/A         2
 Swiftness                Air            Unusable   N/A       N/A         3

Dungeon Overview and Level Annotations

Branches:
Dungeon (5/15)              Sewer (visited)
 Temple: D:4-7

Altars:
Kikubaaqudgha
Nemelex Xobeh
Wu Jian

Annotations:
D:3 Grinder, Sigmund
D:4 1 transporter, Duvessa


Innate Abilities, Weirdness & Mutations

You cannot be hasted, slowed, berserked, paralysed or teleported.
You can dig through walls and to a lower floor.
You have a pair of large antennae on your head. (SInv)
Your four strong arms can wield two-handed weapons with a shield.


Message History

The jackal barks!
You hear a bark!
You retract your mandibles.
You hear a shout!
Dowan drinks a potion.
Dowan flickers and vanishes for a moment.
Unknown command.
Duvessa attacks as you move away! Duvessa hits you but does no damage.
Unknown command.
You feel very mighty all of a sudden. Duvessa hits you with a +0 rapier!
Dowan hits you with a +0 dagger.
Unknown command.
You slash Dowan!
Dowan is heavily wounded.
You hit Duvessa. You slash the jackal!
You kill the jackal!
You block Duvessa's attack. Dowan barely misses you.
Unknown command.
You slice Dowan!!
You kill Dowan!
Duvessa screams in rage.
Duvessa goes berserk!
You hit Duvessa. Duvessa hits you with a +0 rapier!
A jackal comes into view.
You block Duvessa's attack.
Your life force feels restored.
Your Axes skill increases to level 5!
You hit Duvessa.
Duvessa is moderately wounded.
You block Duvessa's attack. Duvessa hits you with a +0 rapier.
You barely miss Duvessa.
Duvessa is moderately wounded.
You hit the jackal.
You kill the jackal!
Duvessa hits you with a +0 rapier! Duvessa hits you with a +0 rapier.
You closely miss Duvessa.
Duvessa is moderately wounded.
Duvessa hits you with a +0 rapier.
* * * LOW HITPOINT WARNING * * *
Duvessa hits you with a +0 rapier!!
You die...
Your body disappears without a glow.

## ##. { ... { ..
#.. { ###.##
#...)# #...@#
+...e## ##..#.##
##..##.##
#<......#
#.......#
+.......# ##
####..########
...####..###....#


You could see Duvessa (berserk, invisible).

Vanquished Creatures
  A black bear (D:5)
  Dowan (D:4)
  A hound (D:5)
  Jessica (D:3)
  Terence (D:3)
  An orc wizard (D:4)
  A sickly merfolk siren (Sewer)
  A malarious merfolk avatar (Sewer)
  7 adders
  3 river rats (Sewer)
  A worm (D:4)
  3 dart slugs (D:3)
  5 orcs
  10 ball pythons
  8 endoplasms
  4 giant cockroaches
  8 goblins
  5 hobgoblins
  8 jackals
  6 kobolds
  9 quokkas
  6 bats
  4 frilled lizards
  23 rats
118 creatures vanquished.

Vanquished Creatures (others)
  3 plants (D:5)
3 creatures vanquished.

Grand Total: 121 creatures vanquished

Notes
Turn   | Place    | Note
-------+----------+-------------------------------------------
     0 | D:1      | Jase the Formicid Fighter began the quest for the Orb.
     0 | D:1      | Reached XP level 1. HP: 18/18 MP: 1/1
    80 | D:1      | Reached XP level 2. HP: 23/24 MP: 2/2
   320 | D:1      | Reached XP level 3. HP: 29/29 MP: 3/3
   626 | D:2      | Found a faded altar of an unknown god.
  1495 | D:3      | Reached XP level 4. HP: 37/37 MP: 4/4
  1523 | D:3      | Noticed Jessica
  1544 | D:3      | Killed Jessica
  1593 | D:3      | Found a glowing drain.
  1611 | Sewer    | Entered a sewer
  1632 | Sewer    | Reached XP level 5. HP: 42/42 MP: 5/5
  1820 | Sewer    | Reached skill level 5 in Shields
  1933 | Sewer    | Reached XP level 6. HP: 48/48 MP: 6/6
  2303 | D:3      | Found a sparkling altar of Nemelex Xobeh.
  2303 | D:3      | Found an ancient bone altar of Kikubaaqudgha.
  2321 | D:3      | Became a worshipper of Nemelex Xobeh the Trickster
  2366 | D:3      | Noticed Terence
  2375 | D:3      | Killed Terence
  2416 | D:3      | Noticed Grinder
  2416 | D:3      | Noticed Sigmund
  2671 | D:4      | Found a transporter.
  2713 | D:4      | Found an ornate altar of the Wu Jian Council.
  2764 | D:5      | Entered Level 5 of the Dungeon
  2764 | D:5      | Noticed a black bear
  2771 | D:5      | Killed a black bear
  2772 | D:5      | Reached skill level 1 in Invocations
  2772 | D:5      | Reached XP level 7. HP: 42/55 MP: 5/7
  2882 | D:4      | Noticed Duvessa
  2888 | D:4      | Noticed Dowan
  2893 | D:4      | Killed Dowan
  2894 | D:4      | Reached skill level 5 in Axes
  2896 | D:4      | Slain by Duvessa

Illustrated notes

Levels and vault maps discovered:
D:1:      lemuel_arrival_cross, layout_rooms
D:2:      layout_basic, ebering_ecumenical_altar_abandoned
D:3:      layout_rooms, gammafunk_temple_overflow_wave, portal_sewer_entry_f,
          minmay_stone_trees_small, uniq_terence, uniq_grinder, uniq_jessica,
          uniq_sigmund
D:4:      gammafunk_cloud_chamber, layout_gridville,
          nicolae_wu_jian_glorious_leap, serial_shops,
          nicolae_shop_gaudy_bauble, nicolae_elemental_shop, uniq_duvessa
D:5:      layout_cave_pools, gammafunk_ghost_smash, serial_bayou,
          serial_bayou_lagoon_b, serial_bayou_pond_c, serial_bayou_crossing,
          serial_bayou_lake_a, roderic_serpentine_path, corexii_shack,
          minmay_a_box_with_orc_wizards_in_it, uniq_blork_the_orc,
          uniq_eustachio

Skill      XL: |  1  2  3  4  5  6  7 |
---------------+----------------------+-----
Axes           | 3 4 5 |  5.0
Fighting       | 4 |  4.7
Armour         | 4 |  4.7
Shields        | 5 |  5.6
Invocations    | 1 |  1.6

Action                     |  1- 3 |  4- 6 |  7- 9 || total
---------------------------+-------+-------+-------++-------
  Melee: War axe           |   119 |   196 |    18 ||   333
Ability: Dig               |       |       |     1 ||     1
    Use: Potion            |       |       |     1 ||     1
 Armour: Scale mail        |    47 |    76 |       ||   123
         Chain mail        |       |    17 |     5 ||    22
  Dodge: Dodged            |    69 |   103 |     3 ||   175
  Block: Buckler           |    36 |    41 |     6 ||    83

Table legend: (Time is in decaauts)
 A = Elapsed time spent in this place.
 B = Non-inter-level travel time spent in this place.
 C = Inter-level travel time spent in this place.
 D = Time resting spent in this place.
 E = Time spent auto-exploring this place.
 F = Levels seen in this place.
 G = Mean time per level.
                   A        B        C        D        E       F      G
               +--------+--------+--------+--------+--------+-----+--------+
         Total |   3013 |   2911 |    102 |    168 |   1716 |   6 |  502.2 |
       Dungeon |   2511 |   2409 |    102 |     89 |   1612 |   5 |  502.2 |
         Sewer |    501 |    501 |      0 |     79 |    104 |   1 |  501.0 |
               +--------+--------+--------+--------+--------+-----+--------+

Top non-repeatable levels by time:
     D:2: 942 daAuts
     D:1: 613 daAuts
     D:3: 537 daAuts
   Sewer: 501 daAuts
     D:4: 361 daAuts
     D:5: 57 daAuts
